[gd_scene load_steps=7 format=3 uid="uid://cvniyl1xwqm3j"]

[ext_resource type="Script" path="res://DialogSlate/DialogSlate.gd" id="1_vb2kq"]
[ext_resource type="Texture2D" uid="uid://didkbanu7s73w" path="res://Main/icon.svg" id="2_nhbcg"]

[sub_resource type="StyleBoxFlat" id="StyleBoxFlat_7d8mi"]
content_margin_left = 12.0
content_margin_top = 50.0
content_margin_right = 12.0
content_margin_bottom = 12.0
border_width_left = 3
border_width_top = 3
border_width_right = 3
border_width_bottom = 3
border_color = Color(0, 0, 0, 1)
corner_radius_top_left = 16
corner_radius_top_right = 16
corner_radius_bottom_right = 16
corner_radius_bottom_left = 16

[sub_resource type="StyleBoxFlat" id="StyleBoxFlat_byoq0"]
content_margin_left = 12.0
content_margin_top = 12.0
content_margin_right = 12.0
content_margin_bottom = 12.0
border_width_left = 3
border_width_top = 3
border_width_right = 3
border_width_bottom = 3
border_color = Color(0, 0, 0, 1)
corner_radius_top_left = 16
corner_radius_top_right = 16
corner_radius_bottom_right = 16
corner_radius_bottom_left = 16

[sub_resource type="LabelSettings" id="LabelSettings_ukeg8"]
font_size = 24

[sub_resource type="LabelSettings" id="LabelSettings_xshpt"]
font_size = 18

[node name="DialogSlate" type="Control"]
layout_mode = 3
anchors_preset = 15
anchor_right = 1.0
anchor_bottom = 1.0
grow_horizontal = 2
grow_vertical = 2
mouse_filter = 2
script = ExtResource("1_vb2kq")

[node name="Portrait" type="TextureRect" parent="."]
layout_mode = 1
anchors_preset = 15
anchor_right = 1.0
anchor_bottom = 1.0
offset_left = 31.0
offset_top = 133.0
offset_right = -820.0
offset_bottom = -258.0
grow_horizontal = 2
grow_vertical = 2
texture = ExtResource("2_nhbcg")

[node name="PanelContainer2" type="PanelContainer" parent="."]
layout_mode = 1
anchors_preset = 12
anchor_top = 1.0
anchor_right = 1.0
anchor_bottom = 1.0
offset_top = -111.0
grow_horizontal = 2
grow_vertical = 0
theme_override_styles/panel = SubResource("StyleBoxFlat_7d8mi")

[node name="Control" type="Control" parent="PanelContainer2"]
layout_mode = 2

[node name="SpeakerPanel" type="PanelContainer" parent="PanelContainer2/Control"]
layout_mode = 1
offset_left = 9.0
offset_top = -75.0
offset_right = 221.0
offset_bottom = -14.0
theme_override_styles/panel = SubResource("StyleBoxFlat_byoq0")

[node name="SpeakerLabel" type="Label" parent="PanelContainer2/Control/SpeakerPanel"]
layout_mode = 2
text = "Speaker's Name"
label_settings = SubResource("LabelSettings_ukeg8")

[node name="VBoxContainer" type="VBoxContainer" parent="PanelContainer2"]
layout_mode = 2

[node name="Dialogue" type="Label" parent="PanelContainer2/VBoxContainer"]
layout_mode = 2
text = "Dialogue blah bla blah bla. Dialogue blah bla blah bla.Dialogue blah bla blah bla.Dialogue blah bla blah bla.Dialogue blah bla blah bla.Dialogue blah bla blah bla.Dialogue blah bla blah bla.Dialogue blah bla blah bla."
label_settings = SubResource("LabelSettings_xshpt")
autowrap_mode = 3

[node name="ChoiceButton" type="Button" parent="PanelContainer2/VBoxContainer"]
layout_mode = 2
text = "Continue..."
